 Dungeon Crawl Stone Soup version 0.29-a0-341-g24ffce5b50 (webtiles) character file.

Game seed: 13024140874693699440

2841 croobank the Cleaver (level 9, -7/74 HPs)
             Began as a Gnoll Cinder Acolyte on Apr 20, 2022.
             Was a High Priest of Ignis.
             Killed from afar by an electric eel (9 damage)
             ... with a bolt of electricity
             ... on level 7 of the Dungeon.
             The game lasted 00:28:48 (10153 turns).

croobank the Cleaver (Gnoll Cinder Acolyte)        Turns: 10153, Time: 00:28:49

Health: -7/74      AC: 12    Str: 15    XL:     9   Next: 74%
Magic:  17/17      EV: 11    Int: 14    God:    Ignis [*****.]
Gold:   300        SH:  5    Dex: 10    Spells: 16/18 levels left

rFire   + + +      SeeInvis .   a - +2 hand axe (flame)
rCold   + . .      Faith    .   (no shield)
rNeg    . . .      Spirit   .   g - +0 ring mail
rPois   .          Reflect  +   e - +1 helmet
rElec   .          Harm     .   j - scarf {rC+ rF+}
rCorr   .          Rampage  .   l - +1 pair of gloves
Will    .....      Rnd*Tele +   (no boots)
Stlth   ++........              u - amulet of reflection
HPRegen 0.22/turn               (no ring)
MPRegen 0.15/turn               z - ring of protection from fire

@: no status effects
A: fangs 1, strong nose, distributed training, iridescent scales 1, teleportitis
1, subdued magic 1
a: Renounce Religion, Fiery Armour, Foxfire Swarm, Rising Flame


You were on level 7 of the Dungeon.
You worshipped Ignis.
Ignis was extremely pleased with you.
You visited 2 branches of the dungeon, and saw 8 of its levels.

You collected 300 gold pieces.

Inventory:

Hand Weapons
 a - a +2 hand axe of flaming (weapon)
 b - a +0 hunting sling
 h - a +4 mace
 r - a +1 vorpal trident
 s - a +2 great sword
 t - a +0 battleaxe
 w - a +6 scimitar of freezing
 y - a +4 spear
 C - a +0 fustibalus
Missiles
 f - 76 stones (quivered)
Armour
 c - a +0 chain mail
 e - a +1 helmet (worn)
 g - a +0 ring mail (worn)
 j - a scarf of resistance (worn)
 l - a +1 pair of gloves (worn)
 o - a +0 robe
 p - a +0 plate armour
 A - a +2 pair of gloves
Jewellery
 k - a ring of fire
 u - an amulet of reflection (around neck)
 z - a ring of protection from fire (right hand)
 B - a ring of wizardry
Wands
 D - a wand of polymorph (9)
Scrolls
 d - 4 scrolls of fog
 v - a scroll of magic mapping
Potions
 i - a potion of ambrosia
 m - 2 potions of haste {unknown}
 n - a potion of heal wounds
 q - a potion of cancellation
 E - a potion of flight


   Skills:
 + Level 8.0 Fighting
 + Level 4.5 Short Blades
 + Level 4.5 Long Blades
 + Level 8.0 Axes
 + Level 4.5 Maces & Flails
 + Level 4.5 Polearms
 + Level 4.5 Staves
 + Level 4.5 Slings
 + Level 4.5 Bows
 + Level 4.5 Crossbows
 + Level 4.5 Throwing
 + Level 4.5 Armour
 + Level 4.5 Dodging
 + Level 4.5 Stealth
 + Level 4.5 Shields
 + Level 4.5 Unarmed Combat
 + Level 5.4 Spellcasting
 + Level 3.7 Conjurations
 + Level 3.7 Hexes
 + Level 3.7 Summonings
 + Level 3.7 Necromancy
 + Level 3.7 Translocations
 + Level 3.7 Transmutations
 + Level 6.7 Fire Magic
 + Level 3.7 Ice Magic
 + Level 3.7 Air Magic
 + Level 3.7 Earth Magic
 + Level 3.7 Poison Magic
 + Level 5.0 Invocations
 + Level 4.5 Evocations


You had 16 spell levels left.
You knew the following spells:

 Your Spells              Type           Power      Damage    Failure   Level
a - Scorch                Fire           34%        2d7       2%          2

Your spell library contained the following spells:

 Spells                   Type           Power      Damage    Failure   Level
 Animate Skeleton         Necr           22%        N/A       5%          1
 Beastly Appendage        Tmut           22%        N/A       5%          1
 Pain                     Necr           44%        1d6       5%          1
 Summon Small Mammal      Summ           44%        N/A       5%          1
 Corpse Rot               Necr/Air       22%        N/A       8%          2
 Static Discharge         Conj/Air       11%        N/A       8%          2
 Wereblood                Tmut           11%        N/A       8%          2
 Call Canine Familiar     Summ           11%        N/A       17%         3
 Spider Form              Tmut/Pois      11%        N/A       17%         3
 Summon Guardian Golem    Hex/Summ       11%        N/A       17%         3
 Vampiric Draining        Necr           11%        2d6       17%         3
 Silence                  Hex/Air        5%         N/A       86%         5


Dungeon Overview and Level Annotations

Branches:
Dungeon (7/15)             Temple (1/1) D:6

Altars:
Cheibriados
Dithmenos
Elyvilon
Gozag
Hepliaklqana
Kikubaaqudgha
Okawaru
Qazlal
Ru
Sif Muna
Trog
Vehumet
Wu Jian
Xom
Yredelemnul
Zin
The Shining One

Shops:
D:4 [

Annotations:
D:3 1 runed translucent door, Crazy Yiuf


Innate Abilities, Weirdness & Mutations

You have very sharp teeth.
Your uncanny sense of smell can sniff out nearby items.
Your experience applies equally to all skills.
You are partially covered in iridescent scales. (AC +2)
You are occasionally teleported next to monsters.
Your spells are a little easier to cast, but a little less powerful.


Message History

Aiming: Polymorph
Press: ? - help, Shift-Dir - straight line, f/p - electric eel
Aim: an electric eel (water, severely wounded, covered in acid, will become a killer bee, a water moccasin, or a blink frog, chance to affect: 68%)
Okay, then.
A nearby plant withers and dies. x2
The electric eel shoots out a bolt of lightning at you!
The bolt of electricity hits you. The bolt of electricity hits you!
You enter the shallow water.
Moving in this stuff is going to be slow.
The electric eel shoots out a bolt of lightning at you!
The bolt of electricity hits you!
The electric eel shoots out a bolt of lightning at you!
The bolt of electricity hits you!
You hit the electric eel. You burn the electric eel.
The electric eel is severely wounded.
You slash the plant!
The plant begins to die.
You burn the plant. You barely miss the electric eel.
The electric eel is severely wounded.
You hit the plant. You burn the plant.
The electric eel shoots out a bolt of lightning at you!
The bolt of electricity hits you!
* * * LOW HITPOINT WARNING * * *
You closely miss the electric eel. Your punch misses the electric eel.
The electric eel is severely wounded.
You hit the plant. You burn the plant.
The electric eel shoots out a bolt of lightning at you!
The bolt of electricity hits you.
* * * LOW HITPOINT WARNING * * *
You barely miss the electric eel. Your bite misses the electric eel.
The electric eel is severely wounded.
You hit the plant. You burn the plant.
The electric eel shoots out a bolt of lightning at you!
The bolt of electricity hits you!
* * * LOW HITPOINT WARNING * * *
You hit the electric eel. You burn the electric eel.
The electric eel is almost dead.
You hit the plant. You burn the plant.
A nearby plant withers and dies.
The electric eel shoots out a bolt of lightning at you!
The bolt of electricity hits you!
You die...

##...## #......≈≈≈# #.
##..# #.....P≈≈≈≈ #.
##..# #....≈≈≈≈≈≈ ##
#>.## #...P≈≈≈≈≈≈ #
....## ##.≈P≈P≈≈≈≈##
.....##..≈≈≈≈≈≈P.
#.....≈.≈≈≈≈≈.≈
#..≈≈≈≈≈≈P≈P
#..≈@S≈≈≈≈≈.
##.≈≈≈≈≈≈≈≈.. ##
#...≈≈≈≈P≈≈.. ##. #..#
##...≈≈≈≈P.≈.. #..
#..## #...≈P≈≈≈P....
####
#.........#...≈≈≈≈≈....
#... ##..
.###..#.≈.≈≈≈≈.≈..#
#... #..# #.
#.≈≈≈≈≈P≈...# #..# ...#
## #..≈≈≈≈≈≈. ####


You could see an electric eel (corroded).

Vanquished Creatures
  A shadow (D:5)
  Menkaure (D:5)
  Duvessa (D:5)
  An ice beast (D:6)
  A sky beast (D:6)
  An orc warrior (D:6)
  A black bear (D:5)
  3 ogres
  A phantom (D:6)
  3 bullfrogs
  3 scorpions
  9 wights
  Dowan (D:5)
  5 killer bees (D:7)
  A howler monkey (D:5)
  An electric eel (D:7)
  A jelly (D:6)
  An orc priest (D:6)
  4 hounds
  2 iguanas (D:5)
  Terence (D:2)
  4 orc wizards
  A mummy (D:6)
  8 gnolls
  6 adders
  2 worms (D:2)
  2 dart slugs
  14 orcs
  7 endoplasms
  6 giant cockroaches
  8 hobgoblins
  14 jackals
  A quokka (D:2)
  5 ball pythons
  8 bats
  2 frilled lizards (D:1)
  7 goblins
  2 hobgoblin zombies (D:6)
  4 kobolds
  A kobold zombie (D:6)
  An orc zombie (D:6)
  4 rats
150 creatures vanquished.

Vanquished Creatures (others)
  4 fungi (D:3)
  3 plants (D:7)
7 creatures vanquished.

Grand Total: 157 creatures vanquished

Notes
Turn   | Place    | Note
-------+----------+-------------------------------------------
     0 | D:1      | croobank the Gnoll Cinder Acolyte began the quest for the
                  | Orb.
     0 | D:1      | Reached XP level 1. HP: 23/23 MP: 4/4
   220 | D:1      | Reached XP level 2. HP: 23/29 MP: 5/5
   228 | D:1      | Learned a level 2 spell: Scorch
   903 | D:1      | Reached XP level 3. HP: 35/35 MP: 4/7
  1497 | D:2      | Noticed Terence
  1506 | D:2      | Killed Terence
  1507 | D:2      | Reached skill level 1 in Short Blades
  1507 | D:2      | Reached skill level 1 in Long Blades
  1507 | D:2      | Reached skill level 1 in Maces & Flails
  1507 | D:2      | Reached skill level 1 in Polearms
  1507 | D:2      | Reached skill level 1 in Staves
  1507 | D:2      | Reached skill level 1 in Slings
  1507 | D:2      | Reached skill level 1 in Bows
  1507 | D:2      | Reached skill level 1 in Crossbows
  1507 | D:2      | Reached skill level 1 in Throwing
  1507 | D:2      | Reached skill level 1 in Armour
  1507 | D:2      | Reached skill level 1 in Dodging
  1507 | D:2      | Reached skill level 1 in Stealth
  1507 | D:2      | Reached skill level 1 in Shields
  1507 | D:2      | Reached skill level 1 in Unarmed Combat
  1507 | D:2      | Reached skill level 1 in Invocations
  1507 | D:2      | Reached skill level 1 in Evocations
  1792 | D:2      | Reached XP level 4. HP: 28/41 MP: 8/8
  2636 | D:2      | Reached skill level 1 in Conjurations
  2636 | D:2      | Reached skill level 1 in Hexes
  2636 | D:2      | Reached skill level 1 in Summonings
  2636 | D:2      | Reached skill level 1 in Necromancy
  2636 | D:2      | Reached skill level 1 in Translocations
  2636 | D:2      | Reached skill level 1 in Transmutations
  2636 | D:2      | Reached skill level 1 in Ice Magic
  2636 | D:2      | Reached skill level 1 in Air Magic
  2636 | D:2      | Reached skill level 1 in Earth Magic
  2636 | D:2      | Reached skill level 1 in Poison Magic
  3228 | D:3      | Reached XP level 5. HP: 47/47 MP: 4/9
  3438 | D:3      | Gained mutation: You are occasionally teleported next to
                  | monsters. [potion of mutation]
  3438 | D:3      | Gained mutation: You are partially covered in iridescent
                  | scales. (AC +2) [potion of mutation]
  3438 | D:3      | Gained mutation: Your spells are a little easier to cast,
                  | but a little less powerful. [potion of mutation]
  3440 | D:3      | Found a runed translucent door.
  3456 | D:3      | Noticed Crazy Yiuf
  3888 | D:4      | Reached XP level 6. HP: 50/53 MP: 1/10
  3985 | D:5      | Entered Level 5 of the Dungeon
  4734 | D:4      | Found a glowing golden altar of the Shining One.
  4742 | D:4      | Found Volebar's Antique Armour Shoppe.
  5131 | D:5      | Found a basalt altar of Yredelemnul.
  5381 | D:5      | Found a stormy altar of Qazlal.
  5837 | D:5      | Noticed Dowan
  5837 | D:5      | Noticed Duvessa
  6048 | D:5      | Killed Dowan
  6049 | D:5      | Reached XP level 7. HP: 48/59 MP: 1/12
  6057 | D:5      | Killed Duvessa
  6502 | D:5      | Noticed Menkaure
  6568 | D:5      | Killed Menkaure
  6963 | D:5      | Reached XP level 8. HP: 63/67 MP: 9/14
  6963 | D:5      | Noticed a shadow
  6976 | D:5      | Killed a shadow
  7374 | D:6      | Found a sacrificial altar of Ru.
  7880 | D:6      | Found a staircase to the Ecumenical Temple.
  8182 | Temple   | Entered the Ecumenical Temple
  8501 | D:6      | Reached XP level 9. HP: 65/73 MP: 16/16
  8814 | D:6      | Got Miarch's Disquisition on Lightness
  8860 | D:6      | Found an ornate altar of the Wu Jian Council.
  8871 | D:6      | Reached skill level 5 in Spellcasting
  9519 | D:7      | Found a shimmering blue altar of Sif Muna.
 10029 | D:7      | Found a white marble altar of Elyvilon.
 10091 | D:7      | Reached skill level 5 in Invocations
 10152 | D:7      | HP: 1/74 [electric eel/bolt of electricity (14)]
 10153 | D:7      | Killed from afar by an electric eel

Illustrated notes

Levels and vault maps discovered:
D:1:      dpeg_arrival_ternary, layout_loops_corners, minmay_misc_feat_iff,
          corner_web_ring
D:2:      layout_basic, uniq_terence
D:3:      layout_loops_ring, uniq_crazy_yiuf_cottage
D:4:      layout_basic, mainiacjoe_overflow_small_starburst, serial_shops, shop
D:5:      layout_layer_cave, nicolae_overflow_crystal_walls, lemuel_tele_altar,
          uniq_duvessa, uniq_menkaure
D:6:      layout_rooms, nicolae_wu_jian_immortal_techniques, lemuel_round_altar,
          minmay_temple_entry_tees, minmay_mini_ossuary
D:7:      layout_layer_cave, tgw_sif, elyvilon_altar_5, chequers_big_river,
          serial_bayou_pond_d, uniq_maggie
Temple:   eino_wide_crystal_templ

Skill      XL: |  1  2  3  4  5  6  7  8  9 |
---------------+----------------------------+-----
Short Blades   | 1 2 3 4 |  4.5
Long Blades    | 1 2 3 4 |  4.5
Maces & Flails | 1 2 3 4 |  4.5
Polearms       | 1 2 3 4 |  4.5
Staves         | 1 2 3 4 |  4.5
Slings         | 1 2 3 4 |  4.5
Bows           | 1 2 3 4 |  4.5
Crossbows      | 1 2 3 4 |  4.5
Throwing       | 1 2 3 4 |  4.5
Armour         | 1 2 3 4 |  4.5
Dodging        | 1 2 3 4 |  4.5
Stealth        | 1 2 3 4 |  4.5
Shields        | 1 2 3 4 |  4.5
Unarmed Combat | 1 2 3 4 |  4.5
Invocations    | 1 2 3 4 5 |  5.0
Evocations     | 1 2 3 4 |  4.5
Spellcasting   | 3 4 5 |  5.4
Conjurations   | 1 2 3 |  3.7
Hexes          | 1 2 3 |  3.7
Summonings     | 1 2 3 |  3.7
Necromancy     | 1 2 3 |  3.7
Translocations | 1 2 3 |  3.7
Transmutations | 1 2 3 |  3.7
Ice Magic      | 1 2 3 |  3.7
Air Magic      | 1 2 3 |  3.7
Earth Magic    | 1 2 3 |  3.7
Poison Magic   | 1 2 3 |  3.7
Fighting       | 7 8 |  8.0
Axes           | 7 8 |  8.0
Fire Magic     | 6 |  6.7

Action                   |  1- 3 |  4- 6 |  7- 9 || total
-------------------------+-------+-------+-------++-------
Melee: Hand axe          |    52 |    94 |   256 ||   402
       Bite              |     1 |    10 |    26 ||    37
       Punch             |       |     2 |     9 ||    11
 Cast: Scorch            |    13 |    76 |    29 ||   118
Invok: Fiery Armour      |     1 |       |       ||     1
Evoke: Wand              |       |       |    14 ||    14
  Use: Scroll            |     3 |     9 |     2 ||    14
       Potion            |       |     4 |     1 ||     5
 Stab: Sleeping          |     1 |       |       ||     1
       Paralysed         |       |       |     9 ||     9
Armor: Robe              |    17 |       |       ||    17
       Ring mail         |       |    62 |    79 ||   141
Dodge: Dodged            |    38 |   101 |   115 ||   254
Block: Other             |       |       |    47 ||    47

Table legend: (Time is in decaauts)
 A = Elapsed time spent in this place.
 B = Non-inter-level travel time spent in this place.
 C = Inter-level travel time spent in this place.
 D = Time resting spent in this place.
 E = Time spent auto-exploring this place.
 F = Levels seen in this place.
 G = Mean time per level.
                   A        B        C        D        E       F      G
               +--------+--------+--------+--------+--------+-----+--------+
         Total |  10145 |   9945 |    200 |   2422 |   5778 |   8 | 1268.1 |
       Dungeon |  10045 |   9869 |    176 |   2422 |   5724 |   7 | 1435.0 |
        Temple |    100 |     76 |     24 |      0 |     54 |   1 |  100.0 |
               +--------+--------+--------+--------+--------+-----+--------+

Top non-repeatable levels by time:
     D:5: 2654 daAuts
     D:1: 1489 daAuts
     D:4: 1410 daAuts
     D:2: 1399 daAuts
     D:6: 1153 daAuts
     D:7: 992 daAuts
     D:3: 946 daAuts
  Temple: 100 daAuts
